 Dungeon Crawl Stone Soup version 0.26-a0-682-g294304f6e8 (webtiles) character file.

Game seed: 15718039750345618874

60 lunkers the Chiller (level 3, -3/24 HPs)
             Began as a Vampire Ice Elementalist on Oct 21, 2020.
             Splashed by a jelly's acid (6 damage)
             ... on level 2 of the Dungeon.
             The game lasted 00:01:48 (1610 turns).

lunkers the Chiller (Vampire Ice Elementalist)      Turns: 1610, Time: 00:01:49

Health: -3/24      AC: -2    Str:  7    XL:     3   Next: 80%
Magic:  2/7        EV: 12    Int: 18    God:
Gold:   78         SH:  0    Dex: 14    Spells: 0/7 levels left

rFire    . . .     SeeInvis +   e - +0 short sword (venom)
rCold    . . .     Faith    .   (no shield)
rNeg     . . .     Spirit   .   a - +0 robe
rPois    .         Reflect  .   (no helmet)
rElec    .         Harm     .   (no cloak)
rCorr    .         Rampage  .   (no gloves)
MR       .....                  (no boots)
Stlth    ++........             (no amulet)
HPRegen  0.28/turn              (no ring)
MPRegen  0.10/turn              (no ring)

@: corroded, regenerating quickly
A: fangs 3, see invisible, unbreathing
a: Exsanguinate


You were on level 2 of the Dungeon.
You visited 1 branch of the dungeon, and saw 2 of its levels.

You collected 78 gold pieces.

Inventory:

Hand Weapons
 e - a +0 short sword of venom (weapon)
Armour
 a - a +0 robe (worn)
Scrolls
 d - a scroll of remove curse {unknown}
 f - a scroll of enchant armour {unknown}
 h - a scroll of magic mapping {unknown}
Potions
 b - 2 potions of brilliance {unknown}
 c - 2 potions of flight {unknown}
 g - a potion of heal wounds {unknown}


   Skills:
 - Level 2.1 Dodging
 - Level 3.0 Stealth
 + Level 2.7 Spellcasting
 * Level 5.1 Ice Magic


You couldn't memorise any spells.
You knew the following spells:

 Your Spells              Type           Power        Failure   Level
a - Freeze                Ice            ###.         1%          1
b - Frozen Ramparts       Ice            ###...       6%          3
c - Ozocubu's Armour      Ice            ###.....     6%          3

Your spell library contained the following spells:

 Spells                   Type           Power        Failure   Level
 Hailstorm                Conj/Ice       ##......     52%         4
 Summon Ice Beast         Ice/Summ       ##......     52%         4


Dungeon Overview and Level Annotations

Branches:
Dungeon (2/15)

Altars:


Innate Abilities, Weirdness & Mutations

Your natural rate of healing is unusually fast.
You have razor-sharp teeth.
You have supernaturally acute eyesight. (SInv)
You can survive without breathing.


Message History

The jelly is severely wounded.
The wall freezes the jelly.
The jelly hits you.
* * * LOW HITPOINT WARNING * * *
You are splashed with acid!
* * * LOW HITPOINT WARNING * * *
The wall freezes the jelly.
The frozen ramparts melt away.
There is an open door here.
Casting: Frozen Ramparts (quite dangerous; 6% risk of failure)
Confirm with . or Enter, or press ? or * to list all spells.
Aiming: Freeze (safe; 1% risk of failure)
Press: ? - help, Shift-Dir - straight line, f - jelly
Aim: a jelly (severely wounded)
You freeze the jelly.
The jelly is almost dead.
* * * LOW MAGIC WARNING * * *
The jelly hits you.
* * * LOW HITPOINT WARNING * * *
The acid corrodes you!
You are splashed with acid.
You die...

####'''#####
##...##
##.....##
#.......#
#.......#
#.......#
#.......#
####....#
##.J@....#
#.########
##..)...##
#######'#
÷PJP.J...#
÷J..÷P..J#
.P.P.÷.J.#
.P.....P.#
..JP...÷.#


You could see a jelly.

Vanquished Creatures
  3 oozes (D:2)
  A dart slug (D:1)
  3 leopard geckos (D:1)
  A ball python (D:2)
  3 goblins (D:1)
  5 hobgoblins (D:1)
  A quokka (D:2)
  2 bats (D:1)
  A frilled lizard (D:1)
  18 kobolds
  5 rats (D:1)
43 creatures vanquished.

Vanquished Creatures (others)
  8 plants (D:1)
  7 toadstools (D:2)
15 creatures vanquished.

Grand Total: 58 creatures vanquished

Notes
Turn   | Place    | Note
-------+----------+-------------------------------------------
     0 | D:1      | lunkers the Vampire Ice Elementalist began the quest for
                  | the Orb.
     0 | D:1      | Reached XP level 1. HP: 13/13 MP: 3/3
   302 | D:1      | Reached XP level 2. HP: 19/19 MP: 3/5
   859 | D:1      | Reached XP level 3. HP: 23/24 MP: 2/6
  1475 | D:1      | Learned a level 3 spell: Frozen Ramparts
  1479 | D:1      | Learned a level 3 spell: Ozocubu's Armour
  1603 | D:2      | Reached skill level 5 in Ice Magic
  1610 | D:2      | Splashed by a jelly's acid

Illustrated notes

Levels and vault maps discovered:
D:1:      scummos_arrival_checkerplants, layout_loops_corners, serial_rivers,
          chequers_serial_rivers_micro_a, chequers_serial_rivers_marsh,
          chequers_serial_rivers_marsh, chequers_serial_rivers_small_a,
          chequers_serial_rivers_marsh, chequers_serial_rivers_small_b,
          lexackson_kobold_supper
D:2:      cheibrodos_fertilizer, layout_basic, led_sif_pool,
          nicolae_ru_the_path_less_chosen, minmay_tetromino_t2

Skill      XL: |  1  2  3 |
---------------+----------+-----
Ice Magic      | 5 |  5.1
Dodging        | |  2.1
Stealth        | |  3.0
Spellcasting   | |  2.7

Action                   || total
-------------------------++-------
Melee: Unarmed           ||     2
       Short sword       ||    10
       Bite              ||     1
 Cast: Freeze            ||    55
       Frozen Ramparts   ||     1
Armor: Robe              ||     5
Dodge: Dodged            ||    39

Table legend: (Time is in decaauts)
 A = Elapsed time spent in this place.
 B = Non-inter-level travel time spent in this place.
 C = Inter-level travel time spent in this place.
 D = Time resting spent in this place.
 E = Time spent auto-exploring this place.
 F = Levels seen in this place.
 G = Mean time per level.
                   A        B        C        D        E       F      G
               +--------+--------+--------+--------+--------+-----+--------+
         Total |   1617 |   1576 |     41 |      0 |   1331 |   2 |  808.5 |
       Dungeon |   1617 |   1576 |     41 |      0 |   1331 |   2 |  808.5 |
               +--------+--------+--------+--------+--------+-----+--------+

Top non-repeatable levels by time:
     D:1: 1417 daAuts
     D:2: 200 daAuts
